 Dungeon Crawl Stone Soup version 0.31-a0-221-gbddc013574 (webtiles) character file.

Game seed: 960456203808268389

53 vineage the Trooper (level 3, -9/24 HPs)
             Began as a Gargoyle Fighter on July 4, 2023.
             Killed by an exploding endoplasm (27 damage)
             ... ignited by their inner flame
             ... on level 3 of the Dungeon.
             The game lasted 00:01:51 (1806 turns).

vineage the Trooper (Gargoyle Fighter)              Turns: 1806, Time: 00:01:52

Health: -9/24      AC: 11    Str: 21    XL:     3   Next: 87%
Magic:  3/3        EV: 19    Int:  8    God:
Gold:   126        SH:  4    Dex:  9    Spells: 2/2 levels left

rFire   . . .        a - +0 flail
rCold   . . .        c - +0 buckler
rNeg    + . .        b - +0 scale mail
rPois   ∞            f - +0 helmet
rElec   +            (no cloak)
rCorr   .            (no gloves)
SInv    .            (no boots)
Will    .....        (no amulet) Stlth
                     m - ring of the Hare {EV+10}
HPRegen 0.24/turn    (no ring)
MPRegen 0.08/turn

%: no passive effects
@: no status effects
A: sickness immunity, AC +3, negative energy resistance 1, electricity
resistance, torment resistance 1, petrification resistance
a: no special abilities


You were on level 3 of the Dungeon.
You visited 1 branch of the dungeon, and saw 3 of its levels.

You collected 126 gold pieces.

Inventory:

Hand Weapons
 a - a +0 flail (weapon)
Armour
 b - a +0 scale mail (worn)
 c - a +0 buckler (worn)
 f - a +0 helmet (worn)
Jewellery
 m - the ring of the Hare (left hand) {EV+10}
   (You found it on level 2 of the Dungeon)

   [ring of evasion]

   EV:        It affects your evasion (+10).
Scrolls
 e - 2 scrolls of noise
Potions
 d - a potion of might
 h - a potion of brilliance
 i - 3 potions of curing
 j - a potion of degeneration {unknown}
 n - a potion of cancellation {unknown}
 o - a potion of lignification {unknown}


   Skills:
 + Level 4.3 Fighting
 + Level 3.1 Maces & Flails
 - Level 3.2 Armour
 - Level 3.2 Shields


You had 2 spell levels left.
You didn't know any spells.
Your spell library was empty.

Dungeon Overview and Level Annotations

Branches:
Dungeon (3/15)

Altars:
Uskayaw
The Shining One


Innate Abilities, Weirdness & Mutations

You are immune to sickness and miasma.
Your stone body is resilient. (AC +3)
You are immune to poison.
You resist negative energy. (rN+)
You are resistant to electric shocks. (rElec)
You are resistant to unholy torment.
You are immune to petrification.


Message History

Where to? (Enter - D:2, ? - help)
There is a stone staircase leading down here.
You climb downwards.
Found a scroll labelled SENGAL EGILIA and a scroll labelled MYLIRO UTONNA.
There is a stone staircase leading up here.
Okay, then.
As you read the scroll labelled ROOQ GISCHAHAR, it crumbles to dust.
You hear a loud clanging noise!
It was a scroll of noise.
As you read the scroll labelled VIFAMY CEMOANYGG, it crumbles to dust.
You feel strangely unstable.
It was a scroll of teleportation.
A quokka comes into view.
As you read the scroll labelled DUHUANALEQ, it crumbles to dust.
Wisps of shadow whirl around you...
It was a scroll of summoning.
As you read the scroll labelled SENGAL EGILIA, it crumbles to dust.
It is a scroll of identify.
i - 3 potions of curing Your surroundings suddenly seem different.
An endoplasm comes into view.
Found an encrusted silver wand.
Found a glowing golden altar of the Shining One.
Found a stone staircase leading down.
As you read the scroll labelled OMMUIX FOA, it crumbles to dust.
Your body is wracked with pain!
The endoplasm convulses!
It was a scroll of torment.
As you read the scroll labelled JEREYLITIE, it crumbles to dust.
The creatures around you are filled with an inner flame!
It was a scroll of immolation.
As you read the scroll of identify, it crumbles to dust.
h - a potion of brilliance An endoplasm is nearby!
An endoplasm is nearby!
An endoplasm is nearby!
The endoplasm freezes you.
You are frozen.
You hit the endoplasm.
The endoplasm explodes!
The fiery explosion engulfs you!!
Ouch! That really hurt!
You die...

.############
.........@.§#
####..#..##.#
#........ ..
#.≈≈≈≈≈≈.≈≈..#
...≈../....≈.##
....≈.≈≈≈≈≈.≈.#
###.≈.....≈.≈.#
#.≈.≈._.§.≈.#


There were no monsters in sight!

Vanquished Creatures
  An adder (D:2)
  A worm (D:2)
  A dart slug (D:2)
  5 endoplasms
  2 giant cockroaches
  3 goblins (D:2)
  3 hobgoblins
  2 quokkas
  5 ball pythons
  2 bats
  A frilled lizard (D:1)
  9 kobolds
  4 rats
39 creatures vanquished.

Notes
Turn   | Place    | Note
-------+----------+-------------------------------------------
     0 | D:1      | vineage the Gargoyle Fighter began the quest for the Orb.
     0 | D:1      | Reached XP level 1. HP: 14/14 MP: 1/1
   274 | D:1      | Reached XP level 2. HP: 19/19 MP: 2/2
   280 | D:1      | Found a faded altar of an unknown god.
   923 | D:2      | Found the ring of the Hare {EV+10}
   928 | D:2      | Found a hide-covered altar of Uskayaw.
   988 | D:2      | Reached XP level 3. HP: 24/24 MP: 3/3
   995 | D:2      | Reached skill level 4 in Fighting
  1799 | D:3      | Found a glowing golden altar of the Shining One.
  1806 | D:3      | Killed by an exploding endoplasm... ignited by their inner
                  | flame

Illustrated notes

Levels and vault maps discovered:
D:1:      heliophobic_arrival_henge, layout_basic, ebering_ecumenical_altar_mist
D:2:      layout_basic, basic_altar, chequers_decorated_corner
D:3:      layout_basic, mainiacjoe_overflow_concentric_impassable, uniq_grinder

Skill      XL: |  1  2  3 |
---------------+----------+-----
Fighting       | 4 |  4.3
Maces & Flails | 3 |  3.1
Armour         | |  3.2
Shields        | |  3.2

Action                     || total
---------------------------++-------
  Melee: Flail             ||   143
    Use: Scroll            ||     8
 Armour: Scale mail        ||    66
  Dodge: Dodged            ||    76
  Block: Buckler           ||    22

Table legend: (Time is in decaauts)
 A = Elapsed time spent in this place.
 B = Non-inter-level travel time spent in this place.
 C = Inter-level travel time spent in this place.
 D = Time resting spent in this place.
 E = Time spent auto-exploring this place.
 F = Levels seen in this place.
 G = Mean time per level.
                   A        B        C        D        E       F      G
               +--------+--------+--------+--------+--------+-----+--------+
         Total |   1847 |   1814 |     33 |      0 |   1499 |   3 |  615.7 |
       Dungeon |   1847 |   1814 |     33 |      0 |   1499 |   3 |  615.7 |
               +--------+--------+--------+--------+--------+-----+--------+

Top non-repeatable levels by time:
     D:1: 948 daAuts
     D:2: 888 daAuts
     D:3: 10 daAuts
